AoeStats
← Hope_x

Arabia

504142680Analyzed
4v4 RM · 1mo ago on Sep 4, 2026· 51m 9s· 8 players
Game mode
Random Map
Map size
Large (8 player)
Population
200
Speed
Normal
Resources
Standard
Victory
Conquest
Starting age
Dark Age
Ending age
Imperial Age
RankedLock teamsTeams togetherTeam positionsShared explorationLock speedFull tech treeHidden civsTurbo modeCheats
Victory
Defeat
🇪🇨 Slavs · Ecuador
1150
+16
🇩🇪 Jurchens · Germany
1123
+17
🇹🇷 Byzantines · Türkiye
1096
+18
🇹🇷 Italians · Türkiye
1061
+20
🇨🇱 Poles · Chile
1234
-22
🇨🇱 Franks · Chile
1131
-17
🇨🇱 Bohemians · Chile
1122
-17
🇨🇱 Ethiopians · Chile
1093
-15
Nomad
7:19 Loom
10:05 Feudal Age
10:48 Horse Collar
11:29 Double-Bit Axe
14:13 Forging
19:26 Wheelbarrow
22:25 Castle Age
21:47 Scale Barding Armor
22:32 Gold Mining
25:46 Bow Saw
27:27 Iron Casting
30:49 Chain Barding Armor
33:15 Husbandry
35:03 Hand Cart
38:30 Imperial Age
38:19 Bloodlines
39:03 Gold Shaft Mining
38:18 Stone Mining
38:30 Elite Steppe Lancer
39:33 Conscription
40:18 Blast Furnace
39:53 Plate Barding Armor
39:14 Treadmill Crane
Rey_Mono86
6:16 Loom
9:09 Feudal Age
9:44 Double-Bit Axe
12:07 Scale Barding Armor
14:38 Horse Collar
23:50 Castle Age
24:01 Gold Mining
24:24 Bloodlines
24:58 Bow Saw
25:17 Chain Barding Armor
25:36 Husbandry
27:28 Wheelbarrow
29:27 Forging
30:37 Heavy Plow
31:48 Iron Casting
39:00 Hand Cart
43:44 Imperial Age
41:49 Pikeman
42:30 Squires
43:39 Detinets
43:41 Scale Mail Armor
44:39 Chain Mail Armor
44:06 Cavalier
45:45 Plate Barding Armor
46:14 Blast Furnace
44:42 Halberdier
47:09 Two-Man Saw
46:40 Crop Rotation
47:16 Conscription
47:38 Plate Mail Armor
48:16 Druzhina
49:04 Man-at-Arms
51:48 Hoardings
[ C* ] XF17K
0:46 Loom
10:06 Feudal Age
11:47 Double-Bit Axe
11:47 Horse Collar
16:45 Fletching
26:06 Castle Age
24:22 Stone Mining
24:24 Gold Mining
27:38 Stone Shaft Mining
32:06 Imperial Age
31:35 Bodkin Arrow
32:40 Padded Archer Armor
32:54 Forging
33:51 Chemistry
33:28 Conscription
34:58 Bracer
35:13 Leather Archer Armor
35:50 Leather Archer Armor
37:38 Ring Archer Armor
38:53 Elite Genoese Crossbowman
40:12 Iron Casting
40:05 Town Watch
44:21 Blast Furnace
45:03 Wheelbarrow
Hope_x
6:54 Loom
9:46 Feudal Age
10:20 Double-Bit Axe
18:08 Fletching
18:59 Horse Collar
20:32 Wheelbarrow
20:13 Arson
20:51 Forging
26:22 Castle Age
25:20 Scale Barding Armor
26:07 Scale Mail Armor
26:32 Pikeman
27:16 Squires
27:40 Chain Mail Armor
28:22 Bow Saw
31:19 Bodkin Arrow
32:48 Hand Cart
33:40 Iron Casting
44:58 Imperial Age
yorzhpizarro
7:04 Loom
9:32 Feudal Age
10:35 Double-Bit Axe
24:48 Castle Age
23:04 Scale Barding Armor
23:10 Forging
25:53 Gold Mining
26:45 Wheelbarrow
37:44 Imperial Age
35:42 Husbandry
36:27 Gold Shaft Mining
37:49 Cavalier
43:13 Chain Barding Armor
43:29 Iron Casting
nono_age
5:00 Loom
10:57 Feudal Age
25:24 Castle Age
25:45 Crossbowman
26:23 Fletching
32:29 Bodkin Arrow
33:35 Thumb Ring
33:35 Town Watch
36:37 Ballistics
Black
9:21 Loom
11:07 Feudal Age
15:08 Castle Age
13:50 Double-Bit Axe
17:17 Forging
21:34 Bloodlines
24:28 Scale Barding Armor
26:19 Wheelbarrow
27:04 Gold Mining
28:03 Husbandry
30:53 Szlachta Privileges
32:53 Iron Casting
33:53 Chain Barding Armor
34:36 Hand Cart
34:11 Town Watch
37:12 Stone Mining
38:40 Fletching
39:30 Bow Saw
39:03 Horse Collar
46:20 Imperial Age
43:55 Bodkin Arrow
45:17 Murder Holes
48:04 Blast Furnace
46:27 Cavalier
47:30 Bracer
Malvado neuroK
4:59 Loom
10:45 Feudal Age
12:43 Double-Bit Axe
16:49 Wheelbarrow
20:57 Castle Age
20:35 Town Watch
30:41 Bow Saw
31:51 Ballistics
35:13 Chemistry
37:37 Treadmill Crane
37:50 Pikeman
39:16 Squires
39:02 Arson
46:39 Imperial Age
45:31 Scale Mail Armor
46:49 Forging
47:46 Wagenburg Tactics
47:11 Elite Hussite Wagon
49:04 Fletching
Connection lost

Rejoining the realm…

Still unreachable

The connection could not be restored.

Session expired

The server has moved on; the page needs a fresh start.